 Dungeon Crawl Stone Soup version 0.29.1-15-g9cfb28693d (webtiles) character file.

Game seed: 13925739978296572163

9 QwertyIsDirtey the Trooper (level 2, -10/33 HPs)
             Began as an Ogre Berserker on Mar 24, 2023.
             Was a Follower of Trog.
             Mangled by a gnoll
             ... wielding a +0 halberd
              (16 damage)
             ... on level 2 of the Dungeon.
             The game lasted 00:00:47 (155 turns).

QwertyIsDirtey the Trooper (Ogre Berserker)          Turns: 155, Time: 00:00:48

Health: -10/33     AC:  3    Str: 20    XL:     2   Next: 16%
Magic:  2/2        EV: 10    Int:  8    God:    Trog [*.....]
Gold:   8          SH:  0    Dex:  8    Spells: 1/1 levels left

rFire   . . .      SeeInvis .   a - +0 hand axe
rCold   . . .      Faith    .   (no shield)
rNeg    . . .      Spirit   .   b - +0 animal skin
rPois   .          Reflect  .   (helmet restricted)
rElec   .          Harm     .   (no cloak)
rCorr   .          Rampage  .   (gloves unavailable)
Will    .....                   (boots unavailable)
Stlth   +.........              (no amulet)
HPRegen 0.11/turn               (no ring)
MPRegen 0.08/turn               (no ring)

@: no status effects
A: large, unfitting armour, tough skin 1
a: Renounce Religion, Berserk


You were on level 2 of the Dungeon.
You worshipped Trog.
Trog was aware of your devotion.
You visited 1 branch of the dungeon, and saw 2 of its levels.

You collected 8 gold pieces.

Inventory:

Hand Weapons
 a - a +0 hand axe (weapon)
Armour
 b - a +0 animal skin (worn)


   Skills:
 + Level 4.5 Fighting
 + Level 3.0 Axes
 + Level 2.9 Dodging


You had one spell level left.
You didn't know any spells.
Your spell library was empty.

Dungeon Overview and Level Annotations

Branches:
Dungeon (2/15)

Altars:


Innate Abilities, Weirdness & Mutations

You are too large for most types of armour.
You have tough skin. (AC +1)


Message History

The frilled lizard attacks as you move away!
The frilled lizard bites you but does no damage.
The frilled lizard attacks as you move away!
The frilled lizard bites you but does no damage.
The frilled lizard attacks as you move away!
The frilled lizard closely misses you. The frilled lizard closely misses you.
The frilled lizard attacks as you move away!
The frilled lizard bites you.
The frilled lizard attacks as you move away!
The frilled lizard closely misses you.
The frilled lizard attacks as you move away!
The frilled lizard bites you but does no damage.
The frilled lizard attacks as you move away!
The frilled lizard bites you but does no damage.
The frilled lizard bites you but does no damage.
The frilled lizard attacks as you move away!
The frilled lizard bites you. The frilled lizard bites you.
Found a puce potion.
The frilled lizard bites you.
There is a stone staircase leading down here.
The frilled lizard barely misses you.
You climb downwards.
The gnoll shouts!
You hear a shout!
There is a stone staircase leading up here.
You completely miss the frilled lizard. The frilled lizard bites you.
A gnoll comes into view. It is wielding a +0 halberd.
You completely miss the frilled lizard. The frilled lizard bites you.
You hit the frilled lizard.
You kill the frilled lizard!
Trog accepts your kill.
A gnoll comes into view. It is wielding a +0 whip.
You see here a frilled lizard corpse.
The gnoll hits you with a +0 club.
* * * LOW HITPOINT WARNING * * *
The gnoll closely misses you.
You closely miss the gnoll. The gnoll hits you with a +0 club.
* * * LOW HITPOINT WARNING * * *
The gnoll hits you from afar with a +0 halberd!
You die...

.# #
.
.##.
...
#g.
#g#
#g#
#@#
#†#
#<#
###


You could see 3 gnolls.

Vanquished Creatures
  A ball python (D:1)
  3 bats (D:1)
  A goblin (D:1)
  A quokka (D:1)
  A frilled lizard (D:2)
  2 rats (D:1)
9 creatures vanquished.

Notes
Turn   | Place    | Note
-------+----------+-------------------------------------------
     0 | D:1      | QwertyIsDirtey the Ogre Berserker began the quest for the
                  | Orb.
     0 | D:1      | Reached XP level 1. HP: 24/24 MP: 1/1
    93 | D:1      | Reached XP level 2. HP: 25/33 MP: 2/2
   155 | D:2      | Mangled by a gnoll

Illustrated notes

Levels and vault maps discovered:
D:1:      minmay_arrival_arboretum_small, layout_loops_ring,
          shapermc_ecumenical_altar_petra
D:2:      layout_basic, minmay_misc_feat_pillars

Action                   || total
-------------------------++-------
Melee: Hand axe          ||    25
       Punch             ||     1
Armor: Animal skin       ||    21
Dodge: Dodged            ||    38
